 Dungeon Crawl Stone Soup version 0.25.1-8-g42b30a86e7 (webtiles) character file.

Game seed: 7837881924979288041

983 Descartes the Covert (level 7, -3/33 HPs)
             Began as a Felid Monk on Dec 19, 2020.
             Slain by an orc warrior
             ... wielding a +0 mace
              (20 damage)
             ... on level 7 of the Dungeon.
             The game lasted 00:18:44 (11840 turns).

Descartes the Covert (Felid Monk)                  Turns: 11840, Time: 00:18:44

Health: -3/33      AC:  2    Str:  9    XL:     7   Next: 96%
Magic:  8/8        EV: 25    Int: 12    God:
Gold:   645        SH:  0    Dex: 18    Spells: 6/6 levels left
                                        Lives:  0   Deaths: 2

rFire    + . .     SeeInvis +     - Unarmed
rCold    . . .     Gourm    .   (shield unavailable)
rNeg     . . .     Faith    .   (armour unavailable)
rPois    .         Spirit   .   (helmet unavailable)
rElec    .         Reflect  .   (cloak unavailable)
rCorr    .         Harm     .   (gloves unavailable)
MR       +....                  (boots unavailable)
Stlth    +++++.....             t - amulet of magic regeneration
HPRegen  0.11/turn              b - ring of protection from fire
MPRegen  0.36/turn              (no ring)

@: hasted, very quick
A: very small, no armour, no weapons or thrown items, stealth, claws 1, fangs 3,
see invisible, carnivore, speed 1, shaggy fur 2, slow metabolism 1, sharp paws
a: no special abilities


You were on level 7 of the Dungeon.
You were completely stuffed.

You visited 1 branch of the dungeon, and saw 8 of its levels.
You also visited: Ossuary.

You collected 645 gold pieces.

Inventory:

Missiles
 g - 51 arrows
 j - 121 stones
Jewellery
 b - a ring of protection from fire (left paw)
 t - an amulet of magic regeneration (around neck)
Wands
 l - a wand of enslavement (12)
 v - a wand of random effects (9)
 w - a wand of polymorph (7)
Scrolls
 e - 7 scrolls of teleportation
 i - 4 scrolls of fear
 n - 4 scrolls of blinking {unknown}
 p - a scroll of amnesia
 q - a scroll of remove curse
 r - 2 scrolls of magic mapping
 x - a scroll of acquirement {unknown}
Potions
 d - a potion of berserk rage
 f - 4 potions of curing
 h - 2 potions of lignification
 k - 4 potions of might
 m - 2 potions of heal wounds
 o - a potion of stabbing
 s - 3 potions of flight
 u - a potion of magic
Comestibles
 a - 7 rations
 c - 5 chunks of flesh


   Skills:
 + Level 5.4 Fighting
 + Level 9.2 Dodging
 + Level 9.4 Stealth
 + Level 7.1 Unarmed Combat


You had 6 spell levels left.
You didn't know any spells.
Your spell library was empty.

Dungeon Overview and Level Annotations

Branches:
Dungeon (8/15)             Temple (0/1) D:7         Ossuary (visited)
   Lair: D:8-11

Altars:
Cheibriados
Dithmenos
Qazlal
Sif Muna
Zin
The Shining One

Annotations:
D:4 2 transporters
D:6 2 transporters


Innate Abilities, Weirdness & Mutations

You cannot wear armour.
You are incapable of wielding weapons or throwing items.
Your paws allow you to move quietly. (Stealth)
You have sharp claws.
You have razor-sharp teeth.
You have supernaturally acute eyesight. (SInv)
You are carnivorous and can eat meat at any time.
You cover ground quickly.
You are covered in thick fur. (AC +2)
You have a slow metabolism.
Your sharp claws are effective at attacking unaware monsters.


Message History

The orc priest hits you.
You scratch the orc priest.
The orc priest is severely wounded.
You scratch the orc priest. You bite the orc priest.
The orc priest is almost dead.
The orc priest mumbles some strange prayers to Beogh against you.
Beogh smites you! The orc warrior misses you.
You barely miss the orc priest.
The orc priest is almost dead.
You scratch the orc priest.
You kill the orc priest!
The orc warrior completely misses you.
You scratch the orc warrior but do no damage.
You scratch the orc warrior.
The orc warrior is moderately wounded.
You closely miss the orc warrior.
The orc warrior is moderately wounded.
The orc warrior hits you with a +0 mace!!
Ouch! That really hurt!
You die...

#.≈≈≈≈≈≈...≈≈≈≈≈≈.######.####
#.≈≈≈≈≈≈.>.≈≈≈≈≈≈...........#
#####.≈≈≈≈≈≈...≈≈≈≈≈≈..#####.##.#
......≈≈≈≈≈≈≈.≈≈≈≈≈≈≈..# #.##.#
###....≈≈≈≈≈≈.≈≈≈≈≈≈...# #.##.# #
#.#....≈≈≈≈.≈≈≈≈.....# #....#
###.#......≈≈.≈≈.......# ##...#
....#..........o.o.....# ##....#
..####.#########@#.###.# #.)....
.####..#########.#.# #.#####....#
.###.....<.........# #..........#
.).........^.......# ########..##
..##.....#####[#.#.# #..#
....#....# #.#.#.### #..#
.........# #.#.÷...# ####..#
....###.)# #.#.>...#####.....#
..#####).#####..)..............#


You could see an orc warrior and an orc.

Vanquished Creatures
  A hippogriff (D:7)
  Menkaure (D:4)
  2 black bears (D:6)
  2 phantoms
  An ogre (D:7)
  A centaur (D:5)
  2 bullfrogs (D:6)
  An elf zombie (D:6)
  An elf skeleton (D:6)
  An electric eel (D:6)
  A crimson imp (D:7)
  A hound (D:6)
  A gnoll shaman (D:6)
  An orc priest (D:7)
  10 orc wizards
  2 iguanas
  3 worker ants
  A big kobold zombie (Ossuary)
  A hound zombie (D:5)
  A hound skeleton (D:7)
  8 mummies (Ossuary)
  11 gnolls
  8 adders
  A howler monkey skeleton (D:4)
  3 oozes
  6 worms
  5 dart slugs
  5 leopard geckos
  20 orcs
  A ball python (D:1)
  6 bats
  3 giant cockroaches
  A gnoll zombie (Ossuary)
  7 goblins
  3 hobgoblins
  A quokka (D:7)
  7 frilled lizards
  A hobgoblin zombie (Ossuary)
  9 kobolds
  2 kobold zombies (Ossuary)
  3 orc skeletons (D:6)
  4 orc zombies
  12 rats
162 creatures vanquished.

Notes
Turn   | Place    | Note
-------+----------+-------------------------------------------
     0 | D:1      | Descartes the Felid Monk began the quest for the Orb.
     0 | D:1      | Reached XP level 1. HP: 10/10 MP: 2/2
   237 | D:1      | Reached XP level 2. HP: 10/14 MP: 3/3
   890 | D:1      | Reached XP level 3. HP: 17/17 MP: 4/4
  1984 | D:2      | Reached XP level 4. HP: 2/21 MP: 5/5
  2409 | D:2      | Reached skill level 5 in Dodging
  3490 | D:3      | Reached XP level 5. HP: 13/24 MP: 6/6
  3628 | D:3      | Reached skill level 5 in Stealth
  4529 | D:4      | Found a transporter.
  4595 | D:4      | Gained mutation: You are covered in thick fur. (AC +2)
                  | [Felid growth]
  4595 | D:4      | Reached XP level 6. HP: 25/28 MP: 7/7
  5166 | D:4      | Noticed Menkaure
  5175 | D:4      | Killed Menkaure
  5175 | D:4      | Reached skill level 5 in Unarmed Combat
  5370 | D:4      | Found a glowing silver altar of Zin.
  5370 | D:4      | Found a snail-covered altar of Cheibriados.
  5478 | D:4      | Found a shadowy altar of Dithmenos.
  5693 | D:5      | Entered Level 5 of the Dungeon
  5778 | D:5      | Reached XP level 7. HP: 13/31 MP: 8/8
  6061 | D:5      | Found a glowing golden altar of the Shining One.
  6333 | D:5      | Found a stormy altar of Qazlal.
  6944 | D:4      | Found a transporter.
  7187 | D:6      | Found a sand-covered staircase.
  7251 | Ossuary  | Entered an ossuary
  7562 | Ossuary  | Slain by a mummy
  7563 | Ossuary  | Reached XP level 6. HP: -3/28 MP: 7/7
  7645 | Ossuary  | Reached XP level 7. HP: 14/31 MP: 8/8
  8945 | D:6      | Found a shimmering blue altar of Sif Muna.
  8946 | D:6      | Noticed an efreet
  8948 | D:6      | Found a transporter.
  9362 | D:6      | Found a transporter.
  9402 | D:6      | Reached XP level 8. HP: 31/36 MP: 9/9
 10223 | D:7      | Found a staircase to the Ecumenical Temple.
 10673 | D:7      | Reached skill level 5 in Fighting
 10986 | D:7      | Slain by an orc warrior
 10987 | D:7      | Reached XP level 7. HP: 0/33 MP: 8/8
 11576 | D:8      | Noticed a hippogriff
 11647 | D:7      | Killed a hippogriff
 11840 | D:7      | Slain by an orc warrior

Illustrated notes

Levels and vault maps discovered:
D:1:      shiori_shiawase, layout_loops_corners
D:2:      layout_loops_ring
D:3:      layout_rooms
D:4:      gammafunk_cloud_chamber, layout_layer_cave, grunt_dithmenos_smoke,
          gammafunk_temple_overflow_elements, first_ration, uniq_menkaure
D:5:      layout_loops_ring, overflow_temple_1_default,
          nicolae_qazlal_eye_of_the_storm
D:6:      layout_loops_corners, gammafunk_temple_overflow_arena,
          nicolae_ossuary_entry_catacombs, minivault_14
D:7:      layout_loops_ring, temple_pool_b
D:8:      layout_basic

Skill      XL: |  1  2  3  4  5  6  7  8 |
---------------+-------------------------+-----
Stealth        | 3 4 5 6 8 9 |  9.4
Dodging        | 5 6 9 |  9.2
Unarmed Combat | 4 5 7 |  7.1
Fighting       | 4 5 |  5.4

Action                   |  1- 3 |  4- 6 |  7- 9 || total
-------------------------+-------+-------+-------++-------
Melee: Unarmed           |    88 |   197 |   327 ||   612
       Bite              |    15 |    29 |    34 ||    78
       Punch             |     2 |    10 |    12 ||    24
  Use: Scroll            |       |    10 |     8 ||    18
       Potion            |       |     1 |     4 ||     5
 Stab: Sleeping          |     9 |    21 |    20 ||    50
       Distracted        |     1 |     2 |     3 ||     6
  Eat: Chunk             |     9 |     7 |    22 ||    38
Armor: Skin              |     2 |     7 |     9 ||    18
Dodge: Dodged            |    57 |   136 |   241 ||   434
